 Dungeon Crawl Stone Soup version 0.31.0-32-g396128a36d (webtiles) character file.

Game seed: 2377592463182894880

75 TacoSundae the Slasher (level 4, -1/34 HPs)
             Began as a Barachi Gladiator on Apr 13, 2024.
             Killed by nerve-wracking pain
             ... invoked by an orc priest
              (13 damage)
             ... on level 3 of the Dungeon.
             The game lasted 00:02:37 (1389 turns).

TacoSundae the Slasher (Barachi Gladiator)          Turns: 1389, Time: 00:02:37

Health: -1/34      AC:  6    Str: 15    XL:     4   Next: 31%
Magic:  4/4        EV: 11    Int:  9    God:
Gold:   145        SH:  0    Dex: 15    Spells: 3/3 levels left

rFire   . . .        a - +0 long sword
rCold   . . .        (no shield)
rNeg    . . .        r - +0 ring mail
rPois   .            c - +0 helmet
rElec   .            m - scarf {repulsion}
rCorr   .            (no gloves)
SInv    .            (no boots)
Will    .....        (no amulet)
Stlth   +            (no ring)
HPRegen 0.25/turn    (no ring)
MPRegen 0.09/turn

%: repel missiles
@: slow
A: amphibious, slowness 1, strong legs 1, +LOS
a: Hop


You were on level 3 of the Dungeon.
You visited 1 branch of the dungeon, and saw 3 of its levels.

You collected 145 gold pieces.

Inventory:

Hand Weapons
 a - a +0 long sword (weapon)
Missiles
 d - 3 throwing nets (quivered)
 e - 4 javelins
Armour
 b - a +0 leather armour
 c - a +0 helmet (worn)
 m - a scarf of repulsion (worn)
 r - a +0 ring mail (worn)
Scrolls
 g - a scroll of fog {unknown}
 h - a scroll of noise {unknown}
 j - 2 scrolls of identify {unknown}
 k - 2 scrolls of enchant weapon {unknown}
 n - a scroll of fear {unknown}
 p - a scroll of poison {unknown}
Potions
 f - 3 potions of curing {unknown}
 i - 2 potions of might {unknown}
 l - 2 potions of degeneration {unknown}
 o - 2 potions of magic {unknown}
 q - 2 potions of ambrosia {unknown}


   Skills:
 - Level 2.4 Fighting
 + Level 6.1 Long Blades
 - Level 2.0 Throwing
 - Level 3.2 Dodging


You had 3 spell levels left.
You didn't know any spells.
Your spell library was empty.

Dungeon Overview and Level Annotations

Branches:
Dungeon (3/15)

Altars:


Innate Abilities, Weirdness & Mutations

You are amphibious.
You cover ground slowly.
You can hop short distances.
You have an extended range of vision and can be seen from far away.


Message History

The orc is almost dead.
The orc barely misses you.
You slash the orc!
You kill the orc!
You slash the orc!
You kill the orc!
The quokka bites you.
Your Long Blades skill increases to level 6!
You hit the quokka.
The quokka is almost dead.
The quokka bites you.
You barely miss the quokka.
The quokka is almost dead.
The quokka bites you but does no damage.
You completely miss the quokka.
The quokka is almost dead.
The quokka barely misses you.
An orc priest comes into view. It is wielding a +0 war axe.
You hit the quokka but do no damage.
The quokka is almost dead.
The quokka twitches its whiskers.
The quokka bites you. x2
You slash the quokka!
You kill the quokka!
The orc hits you with a +0 whip.
You barely miss the orc. The orc closely misses you.
The orc attacks as it pursues you! The orc closely misses you.
You see here 4 stones.
You slash the orc!
You kill the orc!
You swing at nothing.
You slash the orc!
You kill the orc!
You closely miss the orc priest.
The orc priest hits you with a +0 war axe!
You barely miss the orc priest. The orc priest barely misses you.
You closely miss the orc priest.
The orc priest calls down the wrath of Beogh upon you.
Pain shoots through your body!
You die...

.......####.............#
.....>. ###.o.<.......#
....... #...........#
..#### ##..........# .
#..........# #.o........#
#..........#
#######...........
#...@o).##########.
#.....####### ..##


You could see an orc priest.

Vanquished Creatures
  2 adders (D:2)
  2 dart slugs (D:2)
  A ribbon worm (D:2)
  4 orcs (D:3)
  5 ball pythons
  An endoplasm (D:2)
  A giant cockroach (D:1)
  4 goblins
  4 hobgoblins (D:2)
  3 jackals (D:1)
  2 quokkas
  6 bats
  4 frilled lizards
  A kobold (D:2)
  3 rats (D:2)
43 creatures vanquished.

Notes
Turn   | Place    | Note
-------+----------+-------------------------------------------
     0 | D:1      | TacoSundae the Barachi Gladiator began the quest for the
                  | Orb.
     0 | D:1      | Reached XP level 1. HP: 17/17 MP: 1/1
   120 | D:1      | Reached skill level 4 in Long Blades
   133 | D:1      | Reached XP level 2. HP: 21/23 MP: 2/2
   633 | D:2      | Reached XP level 3. HP: 28/28 MP: 3/3
   641 | D:2      | Reached skill level 5 in Long Blades
  1248 | D:2      | Reached XP level 4. HP: 33/34 MP: 4/4
  1377 | D:3      | Reached skill level 6 in Long Blades
  1389 | D:3      | Killed from afar by an orc priest

Illustrated notes

Levels and vault maps discovered:
D:1:      dpeg_arrival_tiny_i, layout_basic
D:2:      layout_basic
D:3:      layout_rooms, nicolae_qazlal_general_emergency,
          nicolae_hepliaklqana_monster_ancestors

Skill      XL: |  1  2  3  4 |
---------------+-------------+-----
Long Blades    | 4 5 6 |  6.1
Fighting       | |  2.4
Throwing       | |  2.0
Dodging        | |  3.2

Action                     |  1- 3 |  4- 6 || total
---------------------------+-------+-------++-------
  Melee: Long sword        |   110 |    22 ||   132
         Punch             |     2 |       ||     2
 Armour: Leather armour    |    48 |       ||    48
         Ring mail         |    19 |    12 ||    31
  Dodge: Dodged            |    97 |     8 ||   105
         Repelled          |     1 |       ||     1
